 Dungeon Crawl Stone Soup version 0.20-a0-390-g4892b34 (webtiles) character file.

43549 terra53 the Destroyer (level 14, 0/61 HPs)
             Began as a Gargoyle Fire Elementalist on Dec 30, 2016.
             Was the Champion of Hepliaklqana.
             Slain by an alligator snapping turtle (28 damage)
             ... on level 1 of the Shoals on Dec 31, 2016.
             The game lasted 03:01:36 (20559 turns).

terra53 the Destroyer (Gargoyle Fire Elementalist) Turns: 20559, Time: 03:01:37

Health: 0/61       AC: 32    Str: 14    XL:     14   Next: 24%
Magic:  15/30      EV: 14    Int: 22    God:    Hepliaklqana [******]
Gold:   1289       SH:  4    Dex: 10    Spells: 11/37 levels left

rFire  . . .     SeeInvis .     g - +8 rod of ignition (12/12)
rCold  . . .     Gourm    .     l - +5 ring mail of Perfidy {Int+3}
rNeg   + . .     Faith    .     G - +0 buckler
rPois  ∞         Spirit   .     Q - +0 helmet of the Heavens {Stlth+}
rElec  +         Reflect  .     J - +1 cloak of Midnight {rCorr}
rCorr  +         Harm     .     (no gloves)
MR     +....                    a - +0 pair of boots
Stlth  +++.......               P - amulet of magic regeneration
                                X - +6 ring of protection
                                N - +3 ring of evasion

@: flying
A: reduced essence, big wings, negative energy resistance 1, sense surroundings
1, electricity resistance, unbreathing, petrification resistance, rot immunity,
AC +9
a: Stop Flying, Recall Ancestor, Ancestor Identity, Transference, Idealise,
Renounce Religion


You were on level 1 of the Shoals.
You worshipped Hepliaklqana.
Hepliaklqana was exalted by your worship.
You were hungry.

You visited 4 branches of the dungeon, and saw 18 of its levels.
You also visited: Labyrinth and Bailey.

You collected 1289 gold pieces.

Inventory:

Hand Weapons
 T - a +6 mace of holy wrath
 Y - the +8 frozen axe "Frostbite" {freezing cloud, *Noise +Fly rC+}
   (You took it off a frost giant on level 10 of the Dungeon)

   It has been specially enchanted to freeze those struck by it, causing extra
   injury to most foes and up to half again as much damage against particularly
   susceptible opponents.
   It can also slow down cold-blooded creatures.
   It protects you from cold.
   It lets you fly.
   It may make noises in combat.
Armour
 a - a +0 pair of boots (worn)
 e - the +2 shield "Jeozu" {rPois rC++ rN+ MR-}
   (You acquired it on level 2 of the Lair of Beasts)

   It greatly protects you from cold.
   It protects you from poison.
   It protects you from negative energy.
   It affects your resistance to hostile enchantments.
 l - the +5 ring mail of Perfidy (worn) {Int+3}
   (You found it in a labyrinth)

   It affects your intelligence (+3).
 y - the +8 chain mail of Ziushruob {Dex+3}
   (You found it on level 12 of the Dungeon)

   It affects your dexterity (+3).
 D - a +2 robe of cold resistance
 G - a +0 buckler (worn)
 J - the +1 cloak of Midnight (worn) {rCorr}
   (You found it on level 6 of the Dungeon)

   It protects you from acid and corrosion.
 Q - the +0 helmet of the Heavens (worn) {Stlth+}
   (You found it on level 8 of the Dungeon)

   It makes you more stealthy.
Magical Staves
 w - an uncursed staff of death
 M - an uncursed staff of cold
Rods
 g - a +8 rod of ignition (12/12) (in hand)
   (You found it in a labyrinth)
Jewellery
 K - an uncursed ring of stealth
 N - a +3 ring of evasion (left hand)
 P - an amulet of magic regeneration (around neck)
 X - a +6 ring of protection (right hand)
Wands
 k - a wand of digging (16/24)
 p - a wand of flame (24/48)
 q - a wand of slowing (24/48)
 x - a wand of disintegration (14/24)
 z - a wand of lightning (9/15)
 H - a wand of lightning (12/15)
 L - a wand of iceblast (3/15)
 O - a wand of iceblast (11/15)
 W - a wand of lightning (9/15)
Scrolls
 m - 7 scrolls of remove curse
 u - 6 scrolls of teleportation
 C - 3 scrolls of blinking
 S - a scroll of noise {unknown}
 V - a scroll of holy word
Potions
 b - a potion of lignification {unknown}
 d - 6 potions of heal wounds
 f - a potion of agility
 h - a potion of ambrosia
 i - 2 potions of brilliance
 o - 9 potions of curing
 r - 3 potions of flight
 v - a potion of cure mutation {unknown}
 B - a potion of degeneration {unknown}
 E - 4 potions of haste
 F - a potion of invisibility
 I - 3 potions of might
 R - a potion of experience {unknown}
Books
 U - a book of Conjurations

   Spells                             Type                      Level
   a - Magic Dart                     Conjuration                  1
   b - Searing Ray                    Conjuration                  2
   c - Dazzling Spray                 Conjuration/Hexes            3
   d - Fulminant Prism                Conjuration/Hexes            4
   e - Iskenderun's Mystic Blast      Conjuration                  4
   f - Iskenderun's Battlesphere      Conjuration/Charms           5
Miscellaneous
 s - 2 phantom mirrors
Comestibles
 c - 11 bread rations
 j - 5 fruits
 n - 8 slices of pizza
 t - a beef jerky
 A - a meat ration


   Skills:
 - Level 1.0 Axes
 + Level 8.3 Armour
 + Level 3.0 Dodging
 + Level 4.1 Stealth
 + Level 4.4 Shields
 + Level 12.4 Spellcasting
 + Level 12.7 Conjurations
 - Level 2.4 Hexes
 - Level 0.5 Charms
 + Level 12.5 Fire Magic
 + Level 2.8 Invocations
 + Level 2.9 Evocations


You had 11 spell levels left.
You knew the following spells:

 Your Spells              Type           Power        Failure   Level  Hunger
a - Flame Tongue          Conj/Fire      #####        1%          1    None
b - Throw Flame           Conj/Fire      ######       1%          2    None
c - Sticky Flame          Conj/Fire      ######..     1%          4    None
d - Fireball              Conj/Fire      ######....   1%          5    ####...
e - Conjure Flame         Conj/Fire      ######..     1%          3    None
f - Inner Flame           Hex/Fire       #####...     1%          3    None
g - Iskenderun's Battles  Conj/Chrm      #####...     17%         5    ####...
h - Dazzling Spray        Conj/Hex       #####.       1%          3    None


Dungeon Overview and Level Annotations

Branches:
Dungeon (13/15)            Temple (0/1) D:4            Lair (3/6) D:8
 Shoals (1/4) Lair:2          Orc (1/2) D:12         Vaults (0/5) D:13
  Snake: Lair:2-4    Spider: Lair:2-4

Altars:
Hepliaklqana
Kikubaaqudgha
Trog
Uskayaw
Vehumet
Yredelemnul
The Shining One

Shops:
D:8 [   D:10 :*   Orc:1 !

Portals:
Trove: D:12 (give 6 potions of agility)


Innate Abilities, Weirdness & Mutations

You are resistant to torment.
Your stone body is resilient. (AC +9)
You are immune to poison.
Your large and strong wings let you fly indefinitely.
You resist negative energy. (rN+)
You are resistant to electric shocks. (rElec)
You can survive without breathing.
You are immune to petrification.
You are immune to rotting.
Your life essence is reduced. (-10% HP)
You passively map a small area around you.


Message History

Press: ? - help, Shift-Dir - straight line, f/p - alligator snapping turtle
Aim: an alligator snapping turtle (lightly wounded)
The sticky flame hits the alligator snapping turtle.
The alligator snapping turtle is lightly wounded.
The alligator snapping turtle is covered in liquid flames!
The flames covering the alligator snapping turtle go out.
The alligator snapping turtle stops burning.
The alligator snapping turtle is engulfed in a cloud of scalding steam.
The alligator snapping turtle bites you!
Casting: Sticky Flame
Confirm with . or Enter, or press ? or * to list all spells.
Aiming: Flame Tongue
Press: ? - help, Shift-Dir - straight line, f/p - alligator snapping turtle
Aim: an alligator snapping turtle (steam, lightly wounded)
The flame tongue hits the alligator snapping turtle.
The alligator snapping turtle is moderately wounded.
The alligator snapping turtle is engulfed in a cloud of scalding steam.
The alligator snapping turtle bites you!!
The alligator snapping turtle bites you from afar!!
You die...

..........≈≈≈≈≈≈≈≈≈≈≈≈..........#
...≈.......≈≈≈≈≈≈≈≈≈≈≈≈≈.....####
...≈...###.≈≈≈≈≈≈≈≈≈≈≈≈≈.....####
#....#* #.≈≈≈≈≈≈.≈≈≈≈≈≈.≈÷.)....
#... ##.≈≈≈≈≈≈≈≈≈≈....)≈≈≈....
#.≈≈≈≈≈≈≈.≈≈..#.(.≈≈.....
*#.≈≈≈≈≈≈≈....##.()≈≈..... *
.≈≈≈≈≈†≈≈≈≈......)≈≈≈...≈ ,
≈≈≈≈≈≈t.@.≈≈≈..).≈≈≈≈≈≈≈≈ , ,
≈≈≈≈≈≈≈..≈≈≈≈...≈....≈≈≈≈
≈≈≈≈≈)≈≈≈≈≈≈≈≈.≈.....≈≈≈≈ ,
≈≈≈≈≈≈≈≈≈≈≈≈≈≈..####.≈≈≈≈
≈≈≈≈≈≈≈≈≈≈≈≈≈≈### #.≈≈≈≈
≈≈≈≈≈≈≈≈≈≈≈≈≈.# #.≈≈≈≈ ,
≈≈≈≈≈≈≈≈≈≈≈≈.## ##.≈≈≈≈ , ,
≈≈≈≈≈≈≈R≈≈≈≈.## ##.≈≈≈≈≈
≈≈≈≈≈≈≈≈≈≈≈≈≈.####..≈≈≈≈≈


You could see the friendly Cihuaton the knight and an alligator snapping turtle.

Vanquished Creatures
  A frost giant (D:10)
  An ettin (Orc:1)
  A minotaur (Lab)
  A hydra (Lair:3)
  A centaur warrior (D:12)
  6 two-headed ogres
  Nergalle (D:11)
  An unseen horror (D:10)
  4 sea snakes (Shoals:1)
  2 harpies (Shoals:1)
  5 orc knights
  An ugly thing (D:11)
  3 fauns (Shoals:1)
  A cyclops (D:12)
  2 black mambas
  A centaur zombie (D:12)
  2 merfolk sirens (Shoals:1)
  4 spiny frogs
  A rime drake (Lair:2)
  A komodo dragon (Lair:1)
  A merfolk (Shoals:1)
  2 polar bears (D:10)
  2 trolls
  The ghost of Apostate the Cutter, an amateur DsGl of Uskayaw (D:4)
  A snapping turtle (Lair:2)
  3 slime creatures (D:12)
  A hippogriff (Lair:2)
  4 blink frogs (Lair:2)
  A wyvern (D:8)
  3 hogs (D:10)
  A human (D:10)
  11 yaks
  A hungry ghost (D:8)
  Menkaure (D:4)
  5 water moccasins
  4 porcupines
  A slave (D:5)
  5 ice beasts
  3 black bears
  A sky beast (D:10)
  An eye of draining (D:12)
  16 orc warriors
  5 ogres
  A phantom (D:10)
  5 centaurs
  5 wolves (D:8)
  4 crocodiles
  4 big kobolds
  The ghost of tony the Magician, an amateur DEWz (D:3)
  9 bullfrogs
  A gnoll sergeant (D:6)
  A wyvern zombie (D:12)
  Dowan (D:7)
  2 scorpions
  6 killer bees
  4 electric eels
  4 howler monkeys
  A crimson imp (D:7)
  A quasit (D:8)
  A gnoll shaman (D:4)
  2 jellies
  10 orc wizards
  9 hounds
  2 centaur skeletons
  7 orc priests
  Ijyb (D:3)
  4 iguanas
  A knight (Bailey)
  9 worker ants
  An ancestor (D:6)
  10 gnolls
  13 adders
  A shadow imp (D:10)
  An adder zombie (D:5)
  2 oozes
  2 worms
  3 dart slugs (D:1)
  8 leopard geckos
  97 orcs
  8 bats
  9 giant cockroaches
  13 goblins
  9 hobgoblins
  3 jackals
  22 kobolds
  A quokka (D:8)
  A ball python (D:4)
  3 frilled lizards
  A jackal skeleton (D:5)
  7 rats
  4 bushes (D:5)
  5 plants (D:5)
434 creatures vanquished.

Vanquished Creatures (collateral kills)
  A hydra (Lair:1)
  2 two-headed ogres
  A harpy (Shoals:1)
  Pikel (D:5)
  A deep elf mage (D:12)
  A black mamba (Lair:3)
  A centaur zombie (D:11)
  A gargoyle (D:10)
  2 rime drakes (D:10)
  3 spiny frogs
  A merfolk (Shoals:1)
  Grinder (D:5)
  A wind drake (Shoals:1)
  A hippogriff (D:8)
  A snapping turtle (Shoals:1)
  A slime creature (D:12)
  Sigmund (D:4)
  6 yaks
  A wyvern (D:11)
  Edmund (D:5)
  Duvessa (D:7)
  An ice beast (D:11)
  2 water moccasins
  2 orc warriors
  A black bear (D:10)
  A centaur (D:10)
  3 crocodiles
  4 bullfrogs
  A water moccasin skeleton (D:10)
  3 killer bees
  A howler monkey (D:7)
  4 crimson imps
  A hound (D:11)
  3 orc priests
  3 centaur skeletons
  2 orc wizards
  A worker ant (D:5)
  A howler monkey zombie (D:11)
  Robin (D:3)
  An adder (D:12)
  A gnoll (D:4)
  2 worms (D:4)
  23 orcs
  2 goblins (D:3)
  A jackal (D:4)
  A quokka (D:6)
  A ball python (D:4)
  2 kobolds (D:10)
99 creatures vanquished.

Vanquished Creatures (others)
  A bullfrog skeleton (D:5)
  3 knights
  3 ancestors
  A fungus (Lair:1)
8 creatures vanquished.

Grand Total: 541 creatures vanquished

Notes
Turn   | Place    | Note
-------+----------+-------------------------------------------
     0 | D:1      | terra53 the Gargoyle Fire Elementalist began the quest for the Orb.
     0 | D:1      | Reached XP level 1. HP: 10/10 MP: 3/3
   204 | D:1      | Reached XP level 2. HP: 15/15 MP: 3/5
   711 | D:1      | Reached XP level 3. HP: 19/19 MP: 4/6
  1176 | D:2      | Reached XP level 4. HP: 24/24 MP: 2/8
  2088 | D:3      | Found a hazy altar of Hepliaklqana.
  2096 | D:3      | Became a worshipper of Hepliaklqana the Forgotten
  2153 | D:3      | Reached XP level 5. HP: 22/25 MP: 0/10
  2188 | D:3      | Noticed tony's ghost (amateur DEWz)
  2393 | D:3      | Killed tony's ghost
  2454 | D:3      | Learned a level 2 spell: Throw Flame
  2459 | D:3      | Learned a level 4 spell: Sticky Flame
  2551 | D:3      | Reached XP level 6. HP: 28/28 MP: 5/12
  2752 | D:3      | Found an ancient bone altar of Kikubaaqudgha.
  2765 | D:3      | Noticed Robin
  2785 | D:3      | Killed Robin
  3177 | D:3      | Noticed Ijyb
  3184 | D:3      | Killed Ijyb
  3459 | D:4      | Reached skill level 5 in Spellcasting
  3459 | D:4      | Reached XP level 7. HP: 32/32 MP: 4/14
  3625 | D:4      | Noticed Sigmund
  3626 | D:4      | Noticed Apostate's ghost (amateur DsGl)
  3930 | D:4      | Found a staircase to the Ecumenical Temple.
  3943 | D:4      | Noticed Menkaure
  3956 | D:4      | Killed Menkaure
  3956 | D:4      | Reached skill level 5 in Fire Magic
  4731 | D:4      | Killed Sigmund
  4731 | D:4      | Reached XP level 8. HP: 33/36 MP: 10/16
  4789 | D:4      | Learned a level 5 spell: Fireball
  4793 | D:4      | Learned a level 3 spell: Conjure Flame
  4797 | D:4      | Learned a level 3 spell: Inner Flame
  5063 | D:4      | Killed Apostate's ghost
  5063 | D:4      | Reached skill level 5 in Conjurations
  6068 | D:5      | Entered Level 5 of the Dungeon
  6124 | D:5      | Noticed Grinder
  6131 | D:5      | Killed Grinder
  6134 | D:5      | Reached XP level 9. HP: 26/40 MP: 8/19
  6250 | D:5      | Reached * piety under Hepliaklqana
  6418 | D:5      | Noticed Edmund
  6435 | D:5      | Killed Edmund
  6611 | D:5      | Noticed Pikel
  6618 | D:5      | Killed Pikel
  6822 | D:5      | Found a hide-covered altar of Uskayaw.
  6829 | D:5      | Found a basalt altar of Yredelemnul.
  7445 | D:6      | Reached ** piety under Hepliaklqana
  7446 | D:6      | Remembered your ancestor Cihuaton as a knight
  7453 | D:6      | Got a translucent cloak
  7459 | D:6      | Identified the +1 cloak of Midnight {rCorr} (You found it on level 6 of the Dungeon)
  7510 | D:6      | Noticed a two-headed ogre
  7523 | D:6      | Killed a two-headed ogre
  7523 | D:6      | Reached XP level 10. HP: 21/45 MP: 8/22
  8169 | D:7      | Reached skill level 1 in Shields
  8440 | D:7      | Noticed Duvessa
  8445 | D:7      | Killed Duvessa
  8448 | D:7      | Noticed Dowan
  8519 | D:7      | Killed Dowan
  9056 | D:8      | Reached *** piety under Hepliaklqana
  9061 | D:8      | Noticed a two-headed ogre
  9063 | D:8      | Noticed a two-headed ogre
  9207 | D:8      | Found a radiant altar of Vehumet.
  9342 | D:8      | Killed a two-headed ogre
  9348 | D:8      | Noticed a two-headed ogre
  9369 | D:8      | Found Peps's Armour Shoppe.
  9762 | D:8      | Found a staircase to the Lair.
  9765 | D:8      | Got a distressingly furry helmet
  9776 | D:8      | Identified the +0 helmet of the Heavens {Stlth+} (You found it on level 8 of the Dungeon)
  9825 | D:8      | Reached XP level 11. HP: 48/48 MP: 16/24
  9876 | D:8      | Killed a two-headed ogre
 10161 | D:8      | Killed a two-headed ogre
 10161 | D:8      | Reached skill level 10 in Spellcasting
 10161 | D:8      | Reached skill level 1 in Hexes
 10401 | D:9      | Reached skill level 10 in Conjurations
 10464 | D:9      | Found a flagged portal.
 10471 | Bailey   | Entered a bailey
 10704 | Bailey   | Noticed an orc knight
 10704 | Bailey   | Noticed an orc knight
 10713 | Bailey   | Killed an orc knight
 10713 | Bailey   | Reached skill level 10 in Fire Magic
 10714 | Bailey   | Killed an orc knight
 10828 | Bailey   | Noticed an orc knight
 10837 | Bailey   | Killed an orc knight
 10845 | Bailey   | Noticed an orc knight
 10870 | Bailey   | Killed an orc knight
 11396 | D:9      | Found a glowing golden altar of the Shining One.
 11554 | D:10     | Entered Level 10 of the Dungeon
 11594 | D:10     | Noticed an unseen horror
 11595 | D:10     | Killed an unseen horror
 11670 | D:10     | Learned a level 5 spell: Iskenderun's Battlesphere
 11726 | D:10     | Found Izach's Book Shop.
 11754 | D:10     | Found Tet Woimn's General Store.
 11787 | D:10     | Learned a level 3 spell: Dazzling Spray
 11931 | D:10     | Reached skill level 1 in Evocations
 11931 | D:10     | Reached XP level 12. HP: 35/53 MP: 15/26
 12050 | D:10     | Noticed a frost giant
 12417 | D:10     | Reached **** piety under Hepliaklqana
 13420 | D:10     | Killed a frost giant
 13790 | D:11     | Noticed a two-headed ogre
 13801 | D:11     | Killed a two-headed ogre
 13908 | D:11     | Noticed Nergalle
 13926 | D:11     | Killed Nergalle
 13987 | D:11     | Reached skill level 1 in Axes
 14665 | D:12     | Found a portal to a secret trove of treasure.
 15041 | D:12     | Noticed a two-headed ogre
 15064 | D:12     | Killed a two-headed ogre
 15200 | D:11     | Reached XP level 13. HP: 56/56 MP: 6/28
 15317 | D:12     | Got a brightly glowing chain mail
 15327 | D:13     | Found a gate to the Vaults.
 15519 | D:12     | Identified the +8 chain mail of Ziushruob {Dex+3} (You found it on level 12 of the Dungeon)
 15567 | D:12     | Reached skill level 1 in Armour
 15829 | D:12     | Found a staircase to the Orcish Mines.
 16034 | Orc:1    | Entered Level 1 of the Orcish Mines
 16034 | Orc:1    | Noticed an ettin
 16040 | Orc:1    | Killed an ettin
 16090 | Orc:1    | Reached ***** piety under Hepliaklqana
 16092 | Orc:1    | Found Pedizea's Distillery.
 16212 | Orc:1    | Found a bloodstained altar of Trog.
 16316 | Orc:1    | Reached skill level 5 in Armour
 16508 | Lair:1   | Entered Level 1 of the Lair of Beasts
 16655 | Lair:1   | Got a fine arbalest
 16714 | Lair:1   | Found a labyrinth entrance.
 16726 | Lab      | Entered a labyrinth
 17845 | Lab      | Noticed a minotaur
 17854 | Lab      | Killed a minotaur
 17870 | Lab      | Identified the +4 arbalest of Watchfulness {flame, Dex+3} (You found it on level 1 of the Lair of Beasts)
 17877 | Lab      | Got a dazzling ring mail
 17878 | Lab      | Identified a +7 rod of ignition (11/11) (You found it in a labyrinth)
 17890 | Lab      | Identified the +5 ring mail of Perfidy {Int+3} (You found it in a labyrinth)
 18954 | Lair:2   | Reached skill level 1 in Invocations
 18984 | Lair:2   | Gained mutation: You passively map a small area around you. [potion of beneficial mutation]
 19007 | Lair:2   | Found a staircase to the Shoals.
 19065 | Shoals:1 | Entered Level 1 of the Shoals
 19979 | Lair:3   | Gained mutation: Your large and strong wings let you fly indefinitely. [Gargoyle growth]
 19979 | Lair:3   | Reached XP level 14. HP: 61/61 MP: 19/30
 20111 | Shoals:1 | Reached ****** piety under Hepliaklqana
 20182 | Lair:2   | Identified a scroll of acquirement
 20185 | Lair:2   | Got a spiked shield
 20196 | Lair:2   | Identified the +2 shield "Jeozu" {rPois rC++ rN+ MR-} (You acquired it on level 2 of the Lair of Beasts)
 20559 | Shoals:1 | Slain by an alligator snapping turtle

Vault maps used:
D:1:      dpeg_arrival_oval
D:3:      nicolae_overflow_crystal_walls, kiku_gazebo_pond_becter,
          grunt_ministairs_8, uniq_robin, uniq_iyjb
D:4:      minmay_misc_feat_tiny, minmay_checkerbox, uniq_sigmund, uniq_menkaure
D:5:      amethyst_overflow_temple_binary, first_bread, minivault_11,
          minmay_misc_feat_room, lexackson_kobold_supper, uniq_pikel,
          uniq_edmund, uniq_grinder
D:7:      hangedman_decor_diamond_cutter, uniq_duvessa
D:8:      vehumet_altar_wand_db, erik_lair_island, serial_shops, shop
D:9:      enter_bailey_2, basic_altar
D:10:     minmay_coctagon, serial_shops, nicolae_shop_crystal, shop,
          grunt_livestock
D:11:     uniq_nergalle
D:12:     hiddenorc2_lemuel, enter_trove_2
D:13:     david_vaults_3, uniq_frances
Lair:1:   lab_entry_generic
Lair:2:   minmay_shoals_entry_hut
Orc:1:    serial_shops, shop, trog_butcher_becter
Bailey:   bailey_polearm_5, bailey

Skill      XL: |  1  2  3  4  5  6  7  8  9 10 11 12 13 14 |
---------------+-------------------------------------------+-----
Spellcasting   | 3 4 5 6 8 9 10 11 12 | 12.4
Conjurations   | 2 3 4 6 8 9 10 12 | 12.7
Fire Magic     | 4 5 6 8 9 10 11 12 | 12.5
Shields        | 4 |  4.4
Hexes          | 2 |  2.4
Evocations     | 1 2 |  2.9
Axes           | 1 |  1.0
Armour         | 7 8 |  8.3
Stealth        | 3 4 |  4.1
Dodging        | 2 3 |  3.0
Invocations    | 2 |  2.8
Charms         | |  0.5

Action                   |  1- 3 |  4- 6 |  7- 9 | 10-12 | 13-15 || total
-------------------------+-------+-------+-------+-------+-------++-------
Melee: Unarmed           |     2 |       |       |       |       ||     2
       Dagger            |       |     3 |       |       |       ||     3
       Staff             |       |       |     1 |       |       ||     1
       Spear             |       |       |     5 |     8 |       ||    13
       Flail             |       |       |       |     9 |       ||     9
       Mace              |       |       |       |    27 |     5 ||    32
       Executioner's axe |       |       |       |     8 |       ||     8
 Cast: Flame Tongue      |    45 |   134 |   181 |   342 |   231 ||   933
       Throw Flame       |       |       |     7 |    30 |    33 ||    70
       Sticky Flame      |       |       |    13 |    68 |    49 ||   130
       Fireball          |       |       |     2 |    19 |    16 ||    37
       Inner Flame       |       |       |     2 |    15 |     3 ||    20
       Conjure Flame     |       |       |       |     2 |       ||     2
       Dazzling Spray    |       |       |       |     8 |    14 ||    22
       Iskenderun's Batt |       |       |       |     5 |     2 ||     7
Invok: Ancestor Identity |       |     1 |       |       |       ||     1
       Recall Ancestor   |       |       |     5 |     7 |     1 ||    13
       Ancestor Life: Kn |       |       |     1 |       |       ||     1
 Abil: Fly               |       |       |       |       |     2 ||     2
       Stop Flying       |       |       |       |       |     1 ||     1
Evoke: Wand              |       |       |       |     3 |     2 ||     5
       Disc of storms    |       |       |       |     1 |       ||     1
       Rod               |       |       |       |       |    17 ||    17
  Use: Scroll            |     1 |     2 |     4 |    24 |     9 ||    40
       Potion            |       |       |     2 |     3 |     1 ||     6
 Stab: Distracted        |       |       |       |     1 |       ||     1
       Sleeping          |       |       |       |     1 |       ||     1
  Eat: Chunk             |     1 |     7 |     5 |    22 |    22 ||    57
       Meat ration       |       |       |     2 |     1 |       ||     3
       Pizza             |       |       |     1 |     2 |       ||     3
       Beef jerky        |       |       |       |     1 |     2 ||     3
       Royal jelly       |       |       |       |       |     1 ||     1
       Fruit             |       |       |       |       |     1 ||     1
Armor: Robe              |     7 |    44 |    26 |   138 |    17 ||   232
       Ring mail         |       |       |       |       |    42 ||    42
Dodge: Dodged            |    13 |    61 |    54 |   189 |   108 ||   425
Block: Buckler           |       |       |       |    48 |    31 ||    79
